 Dungeon Crawl Stone Soup version 0.28-a0-1555-g9ae15a6949 (webtiles) character file.

Game seed: 8143394202483216699

179 issech the Cudgeller (level 5, -5/53 HPs)
             Began as a Troll Fighter on Jan 18, 2022.
             Killed from afar by an orc wizard (7 damage)
             ... with a magic dart
             ... on level 3 of the Dungeon.
             The game lasted 00:10:50 (2105 turns).

issech the Cudgeller (Troll Fighter)                Turns: 2105, Time: 00:10:51

Health: -5/53      AC: 11    Str: 26    XL:     5   Next: 32%
Magic:  4/4        EV:  9    Int:  4    God:
Gold:   216        SH:  7    Dex:  9    Spells: 4/4 levels left

rFire   . . .      SeeInvis .   M - +1 flail (protect)
rCold   . . .      Faith    .   c - +0 kite shield
rNeg    . . .      Spirit   .   b - +0 robe
rPois   +          Reflect  .   (helmet restricted)
rElec   .          Harm     .   (no cloak)
rCorr   .          Rampage  .   (gloves unavailable)
Will    .....                   (boots unavailable)
Stlth   +.........              (no amulet)
HPRegen 0.97/turn               q - ring of poison resistance
MPRegen 0.09/turn               (no ring)

@: mighty, under a protective aura
A: large, unfitting armour, claws 3, regeneration 1, shaggy fur 1, tough skin 1
a: no special abilities


You were on level 3 of the Dungeon.
You visited 1 branch of the dungeon, and saw 4 of its levels.

You collected 216 gold pieces.

Inventory:

Hand Weapons
 a - a +0 flail
 e - a +0 mace
 f - a +0 club
 h - a +0 club
 j - a +0 dagger
 p - a +0 whip
 r - a +0 club
 t - a +0 dagger
 A - a +0 club
 B - a +0 dagger
 D - a +0 flail
 F - a +0 short sword
 H - a +0 whip
 M - a +1 flail of protection (weapon)
Missiles
 i - 55 stones (quivered)
 z - 17 bolts
 E - 3 javelins
 I - 6 poisoned darts
Armour
 b - a +0 robe (worn)
 c - a +0 kite shield (worn)
 k - a +2 leather armour of fire resistance
 n - a +0 ring mail
 o - a +0 leather armour
 v - a +0 scale mail
 w - a +0 chain mail
 N - a +0 leather armour
Jewellery
 q - a ring of poison resistance (left claw)
 y - a ring of poison resistance
Wands
 L - a wand of digging (5)
Scrolls
 m - 2 scrolls of silence {unknown}
 s - 4 scrolls of identify {unknown}
 C - 2 scrolls of noise {unknown}
 G - a scroll of vulnerability {unknown}
 J - a scroll of immolation {unknown}
Potions
 g - a potion of heal wounds {unknown}
 l - a potion of brilliance {unknown}
 u - a potion of curing {unknown}
 x - a potion of lignification {unknown}
 K - a potion of attraction {unknown}


   Skills:
 + Level 3.0 Fighting
 + Level 3.4 Maces & Flails
 + Level 3.1 Dodging
 + Level 0.2 Stealth
 + Level 3.0 Shields


You had 4 spell levels left.
You didn't know any spells.
Your spell library contained the following spells:

 Spells                   Type           Power      Damage    Failure   Level
 Call Canine Familiar     Summ           0%         N/A       99%         3
 Conjure Flame            Conj/Fire      0%         6-21      99%         3
 Ignite Poison            Fire/Tmut/Pois 0%         N/A       99%         3
 Portal Projectile        Hex/Tloc       0%         N/A       99%         3
 Leda's Liquefaction      Hex/Erth       0%         N/A       100%        4
 Sticky Flame             Conj/Fire      0%         2d3       100%        4


Dungeon Overview and Level Annotations

Branches:
Dungeon (4/15)
 Temple: D:4-7

Altars:
Trog

Shops:
D:2 ![![[   D:3 ?


Innate Abilities, Weirdness & Mutations

You are too large for most types of armour.
You have claws for hands.
Your natural rate of healing is unusually fast.
You are covered in fur. (AC +1)
You have tough skin. (AC +1)


Message History

You are confused.
You bump into the rock wall.
The orc barely misses you. Something hits you but does no damage.
The orc barely misses you.
You miss something. The orc completely misses you. Something hits you.
The orc barely misses you. The orc closely misses you.
You closely miss something. The orc hits you but does no damage.
You hear some strange, mumbled words.
A puff of flame appears from out of thin air!
The puff of flame hits you. The orc barely misses you.
The orc hits you with a +0 hand axe.
You hear some strange, mumbled words.
A magic dart appears from out of thin air!
The magic dart hits you!
* * * LOW HITPOINT WARNING * * *
The orc hits you with a +0 war axe.
* * * LOW HITPOINT WARNING * * *
You feel very mighty all of a sudden. The orc barely misses you.
You hear some strange, mumbled words.
Something tries to affect you, but you resist.
The orc hits you but does no damage.
You barely miss the orc.
You feel less confused. The orc hits you with a +0 hand axe.
* * * LOW HITPOINT WARNING * * *
Something hits you but does no damage. The orc closely misses you.
The orc hits you with a +0 hand axe.
* * * LOW HITPOINT WARNING * * *
Something hits you.
* * * LOW HITPOINT WARNING * * *
You block the orc's attack.
You bludgeon the orc!!
Your weapon exudes an aura of protection.
You kill the orc!
The orc hits you with a +0 hand axe.
* * * LOW HITPOINT WARNING * * *
You hear some strange, mumbled words.
A magic dart appears from out of thin air!
The magic dart hits you!
You die...

#......##.#.#....................
#.####.##...#...................#
#.# #......#.#......##.........#
#.## ##..##.#...................#
#..####...........##..........###
##......###............######.#
#..#.######.....†#.###.######.###
...#.# #.÷....>{.#.....##.....#
.#...#####...##o@)...............
.##........####..................
..#...###..# #..................
#.........## ##.#...............
####....##### #......÷..........
##..........######........÷....##
#..............###.............#.
#.#.............##..^..........#.
#.#............................#.


You could see an orc.

Vanquished Creatures
  2 hounds (D:3)
  2 gnolls
  4 adders
  A worm (D:3)
  2 orcs (D:3)
  8 bats
  7 endoplasms
  3 giant cockroaches
  4 goblins
  6 hobgoblins
  2 jackals (D:1)
  5 quokkas
  8 ball pythons
  4 frilled lizards
  2 kobolds (D:3)
  3 rats
63 creatures vanquished.

Notes
Turn   | Place    | Note
-------+----------+-------------------------------------------
     0 | D:1      | issech the Troll Fighter began the quest for the Orb.
     0 | D:1      | Reached XP level 1. HP: 22/22 MP: 0/0
    46 | D:1      | Found a faded altar of an unknown god.
   208 | D:1      | Reached XP level 2. HP: 25/29 MP: 1/1
   376 | D:1      | Reached XP level 3. HP: 32/36 MP: 2/2
   733 | D:2      | Found Woziclikh's Distillery.
   786 | D:2      | Found Ikkam's Armour Boutique.
   898 | D:2      | Found Reabax's Distillery.
  1031 | D:2      | Found a bloodstained altar of Trog.
  1091 | D:2      | Found Niog's Antique Armour Shop.
  1124 | D:2      | Reached XP level 4. HP: 44/44 MP: 3/3
  1170 | D:2      | Found Widiofyi's Armour Shop.
  1595 | D:3      | Found Asuluemn's Magic Scroll Shoppe.
  1642 | D:3      | Reached XP level 5. HP: 33/53 MP: 4/4
  2104 | D:3      | HP: 2/53 [something (2)]
  2105 | D:3      | Killed from afar by an orc wizard

Illustrated notes

Levels and vault maps discovered:
D:1:      dpeg_arrival_tiny_i, layout_rooms,
          shapermc_ecumenical_altar_totnotflames
D:2:      layout_loops_ring, basic_altar, serial_shops,
          nicolae_shop_advertising_works [nicolae_subvault_shop_adworks],
          nicolae_shop_window_shopping, nicolae_shop_statue_plus,
          nicolae_shop_trees, nicolae_lakefront_shop, kennysheep_another_room,
          ebering_dispersal_statue_hall
D:3:      layout_rooms, serial_shops, shop_scrolls, cheibrodos_gnoll_hut
D:4:      layout_cave_pods, uniq_robin

Skill      XL: |  1  2  3  4 |
---------------+-------------+-----
Maces & Flails | 2 3 |  3.4
Dodging        | 3 |  3.1
Shields        | 3 |  3.0
Fighting       | 3 |  3.0
Stealth        | |  0.2

Action                   |  1- 3 |  4- 6 || total
-------------------------+-------+-------++-------
Melee: Flail             |   130 |    94 ||   224
  Use: Potion            |       |     1 ||     1
 Stab: Sleeping          |       |     1 ||     1
Armor: Robe              |    75 |    48 ||   123
Dodge: Dodged            |    84 |    65 ||   149
Block: Kite shield       |    77 |    54 ||   131

Table legend: (Time is in decaauts)
 A = Elapsed time spent in this place.
 B = Non-inter-level travel time spent in this place.
 C = Inter-level travel time spent in this place.
 D = Time resting spent in this place.
 E = Time spent auto-exploring this place.
 F = Levels seen in this place.
 G = Mean time per level.
                   A        B        C        D        E       F      G
               +--------+--------+--------+--------+--------+-----+--------+
         Total |   2193 |   2088 |    105 |      0 |   1074 |   4 |  548.2 |
       Dungeon |   2193 |   2088 |    105 |      0 |   1074 |   4 |  548.2 |
               +--------+--------+--------+--------+--------+-----+--------+

Top non-repeatable levels by time:
     D:2: 893 daAuts
     D:1: 759 daAuts
     D:3: 521 daAuts
     D:4: 19 daAuts
